Mecha, neutral male human Archeologist ----- --- ----------- --...| ----|.|---|......... --....-----|..||.|...|..... |<.........|..-|.|...-..- |.|..|..--.--..|.|.. |..| |.|-.|---|.(.....-----..| |.|-.| ----...|........| |.|..| |.|....|........|---- |.|..| -...|.|.----...|(((| ----- |....| ----|.|.| +...|(((| .... |....| |.|.| |...|...| -... -|------- |....| |.|.----...--|-- |..- ....... |.|..| |.....|........| |..| -----....-------- |.|--- ---...|..#.....----..| |%%@-....|....@.| --.| --...|-....{........| |...@-...._.| --..| ---....--..|....#.....--------...a|......| |...-- |..........|-................a....|------- |....| -.......----------..--..--.--.....| ---.-- |...|..--- -------------.|.-- --- -------- ----- Mecha the Investigator Experience level: 6 Strength: 17 Dexterity: 11 Constitution: 12 Intelligence: 14 Wisdom: 14 Charisma: 10 Health: 0(51) Energy: 34(34) Def: 5 Gold: 318 Moves: 2333 Dungeon seed: xM7MI7C8GMBtf9If Game ID: Mecha_1478119727 Your Inventory: Coins $ - 318 gold pieces Weapons a - a +2 bullwhip I - a +0 dwarvish mattock (weapon in hands) J - a +1 dagger (in quiver) Armor e - a cursed +0 leather jacket (being worn) r - a cursed +0 orcish helm (being worn) z - a blessed +1 dwarvish iron helm N - an uncursed +0 dwarvish cloak (being worn) Y - a blessed +1 pair of iron shoes (being worn) Comestibles b - 6 uncursed food rations D - an uncursed tin of newt meat Scrolls m - 2 uncursed scrolls of remove curse p - an uncursed scroll of light G - a blessed scroll of create monster Rings g - an uncursed ring of conflict i - an uncursed +1 ring of increase accuracy s - an uncursed +1 ring of increase damage Wands t - a wand of digging (0:8) Tools d - a tinning kit (0:75) f - an uncursed sack o - an uncursed partly used wax candle (0:103) v - an uncursed wax candle (0:400) E - 2 uncursed tallow candles (0:200) F - an uncursed lock pick Gems n - an uncursed fluorite stone q - an uncursed touchstone y - an uncursed amber stone B - an uncursed luckstone L - an uncursed chrysoberyl stone Spells and supernatural/magical abilities: Name Level Category Fail Memory W - pray for help -- divine ? -- Your skills at the end: Fighting Skills Weapon Skills pick-axe [Skilled] whip [Basic] Spellcasting Skills Final Attributes: You were piously aligned. You were stealthy. You were fast. You were lucky. You had extra luck. Bad luck did not time out for you. Good luck did not time out for you. You are dead. Vanquished creatures: a large dog a leprechaun a gnome king 2 human zombies a rock mole 4 gnome lords a gray ooze 5 dwarves an iguana 2 hobbits 3 large kobolds 4 cave spiders a yellow mold 16 gnomes a garter snake a gecko 3 jackals a fox 3 goblins a sewer rat 4 grid bugs 5 lichens a newt 63 creatures vanquished. Voluntary challenges: You had been an atheist until turn 2313. You used a wielded weapon 89 times, starting on turn 163. You were illiterate. You never genocided any monsters. You never polymorphed an object. You never changed form. You used no wishes. You never split a pudding. You never wrote Elbereth's name. You never violated your personal moral code. Dungeon overview: The Dungeons of Doom: levels 1 to 3 Level 1 a long staircase Level 2 a delicatessen, a fountain Level 3 stairs to The Gnomish Mines The Gnomish Mines: levels 4 to 6 Level 4 stairs to The Dungeons of Doom Level 5 Level 6 <- You were here some shops, a temple to Quetzalcoatl, a fountain, some trees History has recorded: On T:1 you entered the Dungeons of Doom to retrieve the Amulet of Yendor! On T:305 you advanced to experience level 2. On T:356 you reached level 2 of The Dungeons of Doom. On T:725 you advanced to experience level 3. On T:768 you reached level 3 of The Dungeons of Doom. On T:1323 you reached level 1 of The Gnomish Mines. On T:1338 you advanced to experience level 4. On T:1527 you advanced to experience level 5. On T:1784 you reached level 2 of The Gnomish Mines. On T:1956 you advanced to experience level 6. On T:2108 you reached level 3 of The Gnomish Mines. Score breakdown: Gold: 318 ( 8517 points) Experience: 6 levels (12456 points) Exploration: 6 levels ( 11.76%) ( 9486 points) Discoveries: 13 items ( 4.36%) ( 6265 points) Valuables value: (no points given unless you survive) Artifact value: 0 ( 0 points) Variety of kills: 23 monsters ( 6.04%) ( 7370 points) Turncount: 2333 turns ( -228 points) Survival: died (score multiplied by 80%) Total score: 35092 Latest messages: Y - a blessed +1 pair of hard shoes. You start equipping your pair of hard shoes. You are now wearing a pair of hard shoes. You start equipping your hooded cloak. You are now wearing a hooded cloak. An uncursed dwarvish mattock lands on the altar. I - an uncursed dwarvish mattock. Never mind. J - an uncursed dagger (in quiver). The soldier ant bites! The soldier ant stings! The soldier ant misses. The soldier ant stings! You are now wielding your dwarvish mattock. The soldier ant misses. The soldier ant stings! You die... The sack is empty. Final status: Goodbye Mecha the Archeologist, killed by a soldier ant... You died in The Gnomish Mines on dungeon level 6 with 35092 points, and 318 pieces of gold, after 2333 moves. You were level 6 with a maximum of 51 hit points when you died.